 Dungeon Crawl Stone Soup version 0.17.1-3-g152610e (webtiles) character file.

65 Gargoyl the Skirmisher (level 3, -2/30 HPs)
             Began as a Demonspawn Abyssal Knight on Mar 17, 2016.
             Was a Follower of Lugonu.
             Slain by Natasha (6 damage)
             ... on level 2 of the Dungeon.
             The game lasted 00:02:54 (1717 turns).

Gargoyl the Skirmisher (Demonspawn Abyssal Knight)  Turns: 1717, Time: 00:02:54

Health: -2/30      AC:  8    Str: 13    XL:     3   Next: 94%
Magic:  4/4        EV:  6    Int: 18    God:    Lugonu [*.....]
Gold:   100        SH:  0    Dex: 15    Spells: 0 memorised, 2 levels left

rFire  + . .     SeeInvis .     a - +1 hand axe
rCold  + . .     Clarity  .     n - +0 chain mail
rNeg   . . .     SustAt   .     (no shield)
rPois  +         Gourm    .     (no helmet)
rElec  +         Spirit   .     (no cloak)
rCorr  +         Warding  .     (no gloves)
rMut   .         Stasis   .     (no boots)
MR     .....                    (no amulet)
Stlth  ..........               (no ring)
                                q - +3 ring of dexterity

@: brilliant, resistant, not resistant to hostile enchantments, extremely
unstealthy
A: talons 2
a: Depart the Abyss, Renounce Religion


You were on level 2 of the Dungeon.
You worshipped Lugonu.
Lugonu was aware of your devotion.
You were hungry.

You visited 1 branch of the dungeon, and saw 2 of its levels.
You visited the Abyss 1 time.

You collected 100 gold pieces.

Inventory:

Hand Weapons
 a - a +1 hand axe (weapon)
Armour
 n - a +0 chain mail (worn)
Jewellery
 q - a +3 ring of dexterity (left hand)
Wands
 m - a wand of polymorph (11)
 o - a wand of random effects (29)
Scrolls
 b - a scroll of enchant weapon {unknown}
 f - a scroll of identify {unknown}
 g - 2 scrolls of remove curse {unknown}
 i - a scroll of noise {unknown}
 j - 2 scrolls of recharging {unknown}
 l - 2 scrolls of teleportation {unknown}
 p - a scroll of blinking {unknown}
Potions
 e - a potion of resistance
 k - a potion of brilliance
Comestibles
 c - a bread ration
 d - a meat ration
 h - a beef jerky


   Skills:
 + Level 3.7 Fighting
 + Level 2.2 Axes
 + Level 2.1 Armour
 + Level 1.7 Dodging
 + Level 0.4 Stealth
 + Level 2.6 Invocations


You had 2 spell levels left.
You didn't know any spells.

Dungeon Overview and Level Annotations

Branches:
Dungeon (2/15)

Altars:
Elyvilon

Annotations:
D:2 Natasha


Innate Abilities, Weirdness & Mutations

You have razor-sharp toenails.


Message History

Natasha claws you but does no damage. The crimson imp closely misses you.
Drink which item? (? for menu, Esc to quit)
It was a potion of resistance.
You feel protected. Natasha closely misses you.
The crimson imp hits you but does no damage.
Drink which item? (? for menu, Esc to quit)
It was a potion of brilliance.
You feel clever all of a sudden. Natasha casts a spell at you.
The magic dart hits you! The crimson imp barely misses you.
Okay, then.
You hit Natasha. You claw Natasha, but do no damage.
Natasha is heavily wounded.
You barely miss the crimson imp.
Natasha mumbles some strange words.
The crimson imp hits you.
* * * LOW HITPOINT WARNING * * *
Natasha claws you.
You die...

#.# #.# #.# #.#
### #.# .5# #.#
#5# #.# #h# #.#
#@# #.# #5# #.#
#.# #.#
#.###.############
#.(...#..>........
#####.#.##########
#.#...........
#.#.##########
#####


You could see Natasha, a crimson imp and 2 white imps.

Vanquished Creatures
  Ijyb (D:2)
  An adder (D:2)
  3 bats (D:1)
  A giant cockroach (D:2)
  2 hobgoblins (D:1)
  10 kobolds
  A quokka (D:2)
  2 giant newts (D:1)
  5 goblins (D:1)
  3 rats
29 creatures vanquished.

Notes
Turn   | Place    | Note
--------------------------------------------------------------
     0 | Abyss:1  | Gargoyl the Demonspawn Abyssal Knight began the quest for the Orb.
     0 | Abyss:1  | Reached XP level 1. HP: 18/18 MP: 2/2
    38 | D:1      | Escaped the Abyss
   339 | D:1      | Reached * piety under Lugonu
   339 | D:1      | Reached skill level 1 in Dodging
   556 | D:1      | Gained mutation: You have sharp toenails. [demonic ancestry]
   556 | D:1      | Reached XP level 2. HP: 20/24 MP: 3/3
  1123 | D:2      | Found a white marble altar of Elyvilon.
  1141 | D:2      | Gained mutation: You have razor-sharp toenails. [demonic ancestry]
  1141 | D:2      | Reached XP level 3. HP: 18/29 MP: 4/4
  1594 | D:2      | Noticed Ijyb
  1620 | D:2      | Killed Ijyb
  1697 | D:2      | Noticed Natasha
  1717 | D:2      | Slain by Natasha

Action                   || total
-------------------------++-------
Melee: Hand axe          ||   130
Invok: Depart the Abyss  ||     1
  Use: Potion            ||     2
  Eat: Chunk             ||     2
